 Dungeon Crawl Stone Soup version 0.27-a0-1184-ge86db4a01e (webtiles) character file.

Game seed: 10750625047037411352

63 Shayle the Skirmisher (level 3, -4/30 HPs)
             Began as a Demonspawn Monk on May 18, 2021.
             Killed from afar by a steam dragon (26 damage)
             ... with a ball of steam
             ... on level 3 of the Dungeon.
             The game lasted 00:06:12 (2522 turns).

Shayle the Skirmisher (Demonspawn Monk)             Turns: 2522, Time: 00:06:12

Health: -4/30      AC:  6    Str: 11    XL:     3   Next: 87%
Magic:  3/3        EV: 12    Int: 11    God:
Gold:   154        SH:  0    Dex: 16    Spells: 2/2 levels left

rFire    . . .     SeeInvis .   l - +1 whip (spect)
rCold    . . .     Faith    .   (no shield)
rNeg     . . .     Spirit   .   j - +0 leather armour
rPois    .         Reflect  .   (helmet restricted)
rElec    .         Harm     .   (no cloak)
rCorr    .         Rampage  .   (no gloves)
Will     .....                  h - +0 pair of boots
Stlth    ++........             (no amulet)
HPRegen  0.10/turn              (no ring)
MPRegen  0.08/turn              (no ring)

@: weak-willed
A: antennae 1, yellow scales 1
a: no special abilities


You were on level 3 of the Dungeon.
You visited 1 branch of the dungeon, and saw 3 of its levels.

You collected 154 gold pieces.

Inventory:

Hand Weapons
 a - a +0 spear
 l - a +1 spectral whip (weapon)
Armour
 b - a +0 robe
 g - a scarf of harm
 h - a +0 pair of boots (worn)
 j - a +0 leather armour (worn)
 k - a +0 pair of gloves
Scrolls
 o - a scroll of teleportation
Potions
 c - a potion of attraction
 d - a potion of brilliance
 e - a potion of haste {unknown}
 f - a potion of degeneration {unknown}
 i - a potion of mutation {unknown}
 m - a potion of curing {unknown}


   Skills:
 + Level 4.0 Fighting
 + Level 3.6 Polearms
 - Level 2.6 Dodging
 - Level 1.7 Stealth


You had 2 spell levels left.
You didn't know any spells.
Your spell library was empty.

Dungeon Overview and Level Annotations

Branches:
Dungeon (3/15)

Altars:

Shops:
D:2 [


Innate Abilities, Weirdness & Mutations

You have a pair of small antennae on your head.
You are partially covered in yellow scales. (AC +2)


Message History

You now have 146 gold pieces (gained 3).
You see here a hobgoblin corpse.
Found 8 gold pieces.
You now have 154 gold pieces (gained 8).
Things that are here:
a +0 ring mail; a rat corpse You see here a +0 robe.
A goblin comes into view. It is wielding a +0 dagger.
A hobgoblin comes into view.
The goblin shouts!
You hit the goblin.
The goblin is heavily wounded.
Your spectral weapon hits the goblin.
You kill the goblin!
The hobgoblin hits you but does no damage.
You see here a +0 dagger.
The hobgoblin closely misses you. The hobgoblin closely misses you.
You hit the hobgoblin.
You kill the hobgoblin!
You see here a hobgoblin corpse.
Found a stone staircase leading down.
Found a stone staircase leading down.
There is a stone staircase leading down here.
A steam dragon comes into view.
The steam dragon hisses angrily.
You see here 7 gold pieces.
You aren't carrying any items that you can evoke without wielding.
Unknown command.
Okay, then.
As you read the scroll labelled YRIAXER QUOH, it crumbles to dust.
Magic quickly surges around you.
It was a scroll of vulnerability.
The steam dragon breathes steam at you. The ball of steam hits you!
Unknown command.
You see here 7 gold pieces.
The steam dragon breathes steam at you. The ball of steam hits you!!
Ouch! That really hurt!
You die...

.###................
#.##...............#
.#.###......#.....#
#.#.####....#....#
##.#.#####.....#
.##.#†## ##....##
#.##.#.###...§§§## .##
.#.##.#.##.##>#$§##.....
#.#.##.#.## #.##@§§D....
.#.##.#.## #.#####§....
#.##.#.## ..# ....
)##.#.## ### .. ##.#.##
. #.#.## .#.## #.## .##


There were no monsters in sight!

Vanquished Creatures
  A dart slug (D:1)
  6 ball pythons
  2 bats
  3 endoplasms (D:1)
  4 giant cockroaches
  9 hobgoblins
  4 jackals
  3 quokkas
  5 frilled lizards
  3 goblins
  6 kobolds
  10 rats
56 creatures vanquished.

Notes
Turn   | Place    | Note
-------+----------+-------------------------------------------
     0 | D:1      | Shayle the Demonspawn Monk began the quest for the Orb.
     0 | D:1      | Reached XP level 1. HP: 18/18 MP: 1/1
   407 | D:1      | Gained mutation: You have a pair of small antennae on your
                  | head. [demonic ancestry]
   407 | D:1      | Reached XP level 2. HP: 19/24 MP: 2/2
   651 | D:1      | Found a faded altar of an unknown god.
  1277 | D:2      | Gained mutation: You are partially covered in yellow
                  | scales. (AC +2) [demonic ancestry]
  1277 | D:2      | Reached XP level 3. HP: 30/30 MP: 3/3
  1451 | D:2      | Found Mavira's Antique Armour Boutique.
  2346 | D:3      | Reached skill level 4 in Fighting
  2518 | D:3      | Noticed a steam dragon
  2522 | D:3      | Killed from afar by a steam dragon

Illustrated notes

Levels and vault maps discovered:
D:1:      dpeg_arrival_simpleton_b, layout_basic,
          chequers_ecumenical_altar_simple, serial_forest,
          infiniplex_forest_side_room, infiniplex_forest_end_3,
          infiniplex_forest_lined_room_, infiniplex_forest_diagonal,
          infiniplex_forest_straight_4, infiniplex_forest_lined_3, st_stairs_1
D:2:      layout_basic, serial_shops, shop_statue
D:3:      minmay_inner_zag, layout_rooms, gammafunk_temple_overflow_statue,
          lemuel_coloured_pillars_altar

Skill      XL: |  1  2  3 |
---------------+----------+-----
Polearms       | 3 |  3.6
Fighting       | 4 |  4.0
Dodging        | |  2.6
Stealth        | |  1.7

Action                   || total
-------------------------++-------
Melee: Spear             ||    74
       Whip              ||    69
  Use: Scroll            ||     8
 Stab: Sleeping          ||     7
       Distracted        ||     1
Armor: Robe              ||     5
       Leather armour    ||    20
Dodge: Dodged            ||    69

Table legend: (Time is in decaauts)
 A = Elapsed time spent in this place.
 B = Non-inter-level travel time spent in this place.
 C = Inter-level travel time spent in this place.
 D = Time resting spent in this place.
 E = Time spent auto-exploring this place.
 F = Levels seen in this place.
 G = Mean time per level.
                   A        B        C        D        E       F      G
               +--------+--------+--------+--------+--------+-----+--------+
         Total |   2525 |   2464 |     61 |    251 |   1508 |   3 |  841.7 |
       Dungeon |   2525 |   2464 |     61 |    251 |   1508 |   3 |  841.7 |
               +--------+--------+--------+--------+--------+-----+--------+

Top non-repeatable levels by time:
     D:1: 1269 daAuts
     D:2: 923 daAuts
     D:3: 333 daAuts
